 Dungeon Crawl Stone Soup version 0.30-a0-377-g5cb311bc9f (webtiles) character file.

Game seed: 9722715119034489588

553 qeuew the Shield-Bearer (level 7, -8/55 HPs)
             Began as a Formicid Fighter on Nov 28, 2022.
             Was an Initiate of Gozag.
             Mangled by an ogre
             ... wielding a +0 giant club
              (33 damage)
             ... on level 5 of the Dungeon.
             The game lasted 00:04:52 (3684 turns).

qeuew the Shield-Bearer (Formicid Fighter)          Turns: 3684, Time: 00:04:54

Health: -8/55      AC:  3    Str: 21    XL:     7   Next: 55%
Magic:  7/7        EV: 10    Int:  7    God:    Gozag
Gold:   211        SH:  5    Dex: 15    Spells: 6/6 levels left

rFire   . . .      SeeInvis +    a - +0 war axe
rCold   . . .      Faith    .    c - +0 buckler
rNeg    . . .      Spirit   .    b - +0 scale mail
rPois   .          Reflect  .    (helmet unavailable)
rElec   .          Harm     .    (no cloak)
rCorr   .          Rampage  .    (no gloves)
Will    .....                    (no boots)
Stlth   ..........               (no amulet)
HPRegen 0.29/turn                (no ring)
MPRegen 0.10/turn                (no ring)

@: corroded
A: permanent stasis, dig shafts and tunnels, antennae 3, four strong arms
a: Dig, Shaft Self, Renounce Religion, Potion Petition, Call Merchant, Bribe
Branch


You were on level 5 of the Dungeon.
You worshipped Gozag.
Gozag was aware of your devotion.
You visited 1 branch of the dungeon, and saw 5 of its levels.

You collected 258 gold pieces.
You paid 47 gold pieces to Gozag.

Inventory:

Hand Weapons
 a - a +0 war axe (weapon)
Missiles
 i - a throwing net
Armour
 b - a +0 scale mail (worn)
 c - a +0 buckler (worn)
Scrolls
 h - a scroll of fear
Potions
 e - a potion of invisibility
 g - a potion of brilliance


   Skills:
 + Level 4.9 Fighting
 + Level 3.8 Axes
 + Level 4.9 Armour
 + Level 2.7 Dodging
 + Level 6.0 Shields


You had 6 spell levels left.
You didn't know any spells.
Your spell library contained the following spells:

 Spells                   Type           Power      Damage    Failure   Level
 Shock                    Conj/Air       0%         1d3       82%         1
 Ensorcelled Hibernation  Hex/Ice        0%         N/A       91%         2
 Passwall                 Tmut/Erth      0%         N/A       91%         2
 Airstrike                Air            0%         2d(0-16)  100%        4
 Swiftness                Air            Unusable   N/A       N/A         3

Dungeon Overview and Level Annotations

Branches:
Dungeon (5/15)
 Temple: D:4-7

Altars:
Dithmenos
Gozag
Ru
Uskayaw
Wu Jian


Innate Abilities, Weirdness & Mutations

You cannot be hasted, slowed, berserked, paralysed or teleported.
You can dig through walls and to a lower floor.
You have a pair of large antennae on your head. (SInv)
Your four strong arms can wield two-handed weapons with a shield.


Message History

The shadow imp hits you but does no damage.
You barely miss the shadow imp.
The shadow imp is almost dead.
The shadow imp hits you but does no damage.
You closely miss the shadow imp.
The shadow imp is almost dead.
The shadow imp picks up a beetle and eats it.
The shadow imp hits you but does no damage.
You slash the shadow imp!
You kill the shadow imp!
You now have 211 gold pieces (gained 8).
Found 3 stones.
The ogre shouts!
The jelly quivers.
The ogre hits you with a +0 giant club!!
You barely miss the ogre. You block the ogre's attack.
The adder hisses angrily.
You slash the ogre!
The ogre is heavily wounded.
You hit the ogre.
The ogre is severely wounded.
You slash the jelly!
Your hands burn!
The jelly barely misses you. The ogre closely misses you.
The jelly closely misses you.
You barely miss the ogre.
The ogre is severely wounded.
You hit the jelly but do no damage.
Your hands burn!
The ogre closely misses you. The jelly misses you. The adder misses you.
You slash the ogre!
The ogre is almost dead.
You completely miss the adder. You hit the jelly but do no damage.
Your hands burn!
You block the adder's attack. You block the jelly's attack.
The ogre closely misses you. The adder bites you.
You barely miss the ogre.
The ogre is almost dead.
You slash the jelly! The acid corrodes you!
Your hands burn!
You hit the adder. You block the jelly's attack.
The adder bites you but does no damage.
The ogre hits you with a +0 giant club!!
Ouch! That really hurt!
You die...
Your body crumbles into a pile of gold.

..?............#
..............##### .
............... ..# ..
.............# #.# ...
#.#..........# #.# ..
#.#.......... #.#
####.#....#J###.#####.####
..........O@............>#
#......<..S......#######.#
#.###?#........(.# #.#
#.#..........# #.# #
#..........# #.#
...#........# #.#
.............# #.#
....#........# #.#
.###...... #.#


You could see an ogre, a jelly and an adder.

Vanquished Creatures
  An ice beast (D:3)
  A black bear (D:4)
  A phantom (D:4)
  A necrophage (D:5)
  A howler monkey (D:4)
  A hound (D:5)
  An orc priest (D:3)
  An orc wizard (D:3)
  3 adders
  A shadow imp (D:5)
  A worm (D:2)
  2 dart slugs (D:2)
  3 orcs (D:3)
  7 ball pythons
  7 endoplasms
  3 giant cockroaches
  5 goblins
  5 hobgoblins
  6 jackals
  5 kobolds
  8 bats
  2 frilled lizards (D:2)
  A rat (D:3)
67 creatures vanquished.

Notes
Turn   | Place    | Note
-------+----------+-------------------------------------------
     0 | D:1      | qeuew the Formicid Fighter began the quest for the Orb.
     0 | D:1      | Reached XP level 1. HP: 18/18 MP: 1/1
   192 | D:1      | Reached XP level 2. HP: 24/24 MP: 2/2
   782 | D:2      | Found a faded altar of an unknown god.
   923 | D:2      | Reached XP level 3. HP: 29/29 MP: 3/3
  1119 | D:2      | Reached skill level 1 in Dodging
  1348 | D:2      | Reached XP level 4. HP: 33/37 MP: 4/4
  1642 | D:3      | Reached XP level 5. HP: 6/42 MP: 5/5
  1847 | D:3      | Found a shadowy altar of Dithmenos.
  1958 | D:3      | Noticed an ice beast
  1965 | D:3      | Killed an ice beast
  1966 | D:3      | Reached skill level 5 in Shields
  1966 | D:3      | Reached XP level 6. HP: 48/48 MP: 6/6
  2422 | D:4      | Found an ornate altar of the Wu Jian Council.
  2571 | D:4      | Found a hide-covered altar of Uskayaw.
  2592 | D:4      | Found an opulent altar of Gozag.
  2666 | D:4      | Became a worshipper of Gozag Ym Sagoz the Greedy
  2743 | D:4      | Found a sacrificial altar of Ru.
  3166 | D:4      | Noticed a black bear
  3177 | D:4      | Killed a black bear
  3178 | D:4      | Reached XP level 7. HP: 27/55 MP: 7/7
  3496 | D:5      | Entered Level 5 of the Dungeon
  3603 | D:5      | Reached skill level 6 in Shields
  3684 | D:5      | Mangled by an ogre

Illustrated notes

Levels and vault maps discovered:
D:1:      minmay_arrival_four_circles, layout_loops_corners
D:2:      layout_loops_corners, ebering_ecumenical_altar_petrified,
          minmay_tall_x
D:3:      layout_basic, lemuel_tele_altar, kennysheep_decorative_pillar
D:4:      layout_loops_corners, nicolae_overflow_crystal_walls,
          nzn_wu_jian_contemplation, mainiacjoe_overflow_cross_hatched,
          nicolae_uskayaw_dance_hall
D:5:      layout_basic, minmay_temple_entry_drinking_statues,
          portal_sewer_entry_a, minmay_guarded_unrand_staff_of_olgreb,
          uniq_menkaure

Skill      XL: |  1  2  3  4  5  6  7 |
---------------+----------------------+-----
Dodging        | 1 2 |  2.7
Fighting       | 4 |  4.9
Armour         | 4 |  4.9
Axes           | 3 |  3.8
Shields        | 5 6 |  6.0

Action                   |  1- 3 |  4- 6 |  7- 9 || total
-------------------------+-------+-------+-------++-------
Melee: War axe           |    80 |    60 |    49 ||   189
  Use: Scroll            |     3 |     6 |     1 ||    10
       Potion            |     1 |     2 |     1 ||     4
Armor: Scale mail        |    31 |    23 |    23 ||    77
Dodge: Dodged            |    35 |    39 |    40 ||   114
Block: Buckler           |    16 |    21 |    16 ||    53

Table legend: (Time is in decaauts)
 A = Elapsed time spent in this place.
 B = Non-inter-level travel time spent in this place.
 C = Inter-level travel time spent in this place.
 D = Time resting spent in this place.
 E = Time spent auto-exploring this place.
 F = Levels seen in this place.
 G = Mean time per level.
                   A        B        C        D        E       F      G
               +--------+--------+--------+--------+--------+-----+--------+
         Total |   3757 |   3672 |     85 |     44 |   2982 |   5 |  751.4 |
       Dungeon |   3757 |   3672 |     85 |     44 |   2982 |   5 |  751.4 |
               +--------+--------+--------+--------+--------+-----+--------+

Top non-repeatable levels by time:
     D:4: 1195 daAuts
     D:2: 847 daAuts
     D:1: 795 daAuts
     D:3: 771 daAuts
     D:5: 147 daAuts
